 Dungeon Crawl Stone Soup version 0.30-a0-1124-g6e8f0f562f (webtiles) character file.

Game seed: 15333546853270578710

5275 Twinkles the Grappler (level 10, -3/94 HPs)
             Began as an Armataur Monk on Apr 23, 2023.
             Was a Priest of Elyvilon.
             Slain by a troll (10 damage)
             ... on level 8 of the Dungeon.
             The game lasted 00:36:06 (9324 turns).

Twinkles the Grappler (Armataur Monk)               Turns: 9324, Time: 00:36:07

Health: -3/94      AC: 15    Str: 23    XL:     10   Next: 36%
Magic:  0/10       EV:  8    Int: 14    God:    Elyvilon [***...]
Gold:   535        SH:  0    Dex: 19    Spells: 9/9 levels left

rFire   . .          .
                       - Unarmed
rCold   . . .        c - orb {light}
rNeg    . . .        z - +2 ring mail "Weanuhix" {Str+2 Int+4}
rPois   .            (no helmet)
rElec   .            (no cloak)
rCorr   .            (no gloves)
SInv    .            B - +0 barding {Fly}
Will    .....        s - amulet of guardian spirit
Stlth   +            D - +6 ring of dexterity
HPRegen 0.35/turn    n - +4 ring of slaying
MPRegen 0.12/turn

%: guardian spirit, roll
@: flying, glowing, studying Unarmed Combat
A: large, rugged brown scales 3, deformed body, armoured tail, roll, long
tongue, awkward tongue
a: Renounce Religion, Purification, Heal Other, Heal Self


You were on level 8 of the Dungeon.
You worshipped Elyvilon.
Elyvilon was most pleased with you.
You visited 2 branches of the dungeon, and saw 10 of its levels.
You also visited: Sewer, Ossuary and Bailey.

You collected 535 gold pieces.

Inventory:

Armour
 c - an orb of light (worn)
 z - the +2 ring mail "Weanuhix" (worn) {Str+2 Int+4}
   (You found it on level 6 of the Dungeon)

   Str:       It affects your strength (+2).
   Int:       It affects your intelligence (+4).
 B - a +0 barding of flying (worn)
Magical Staves
 L - a staff of poison
Jewellery
 i - a ring of fire
 l - a ring of see invisible
 m - an amulet of magic regeneration
 n - a +4 ring of slaying (right hand)
 s - an amulet of guardian spirit (around neck)
 v - a ring of protection from cold
 D - a +6 ring of dexterity (left hand)
Wands
 e - a wand of charming (3)
 j - a wand of polymorph (9)
 q - a wand of flame (14)
Scrolls
 a - a scroll of silence {unknown}
 b - a scroll of butterflies {unknown}
 d - 2 scrolls of poison
 f - 2 scrolls of enchant armour {unknown}
 g - a scroll of amnesia {unknown}
 h - a scroll of blinking {unknown}
 k - a scroll of enchant weapon {unknown}
 o - 4 scrolls of fear {unknown}
 p - a scroll of torment {unknown}
 r - a scroll of immolation {unknown}
 u - 8 scrolls of teleportation {unknown}
 x - 3 scrolls of fog {unknown}
 y - a scroll of noise {unknown}
 C - a scroll of acquirement
 Z - a scroll of identify
Potions
 w - 2 potions of flight {unknown}
 A - 3 potions of attraction
 E - a potion of haste {unknown}
 F - a potion of heal wounds {unknown}
 G - 3 potions of ambrosia
 I - a potion of invisibility
 J - 6 potions of curing
 K - a potion of brilliance {unknown}
 M - 4 potions of might
 P - 3 potions of lignification
 Q - 2 potions of magic
 R - 2 potions of resistance
 T - 2 potions of berserk rage
 U - 6 potions of mutation


   Skills:
 + Level 7.8 Fighting
 + Level 9.2 Armour
 - Level 2.5 Dodging
 * Level 11.1 Unarmed Combat


You had 9 spell levels left.
You didn't know any spells.
Your spell library contained the following spells:

 Spells                   Type           Power      Damage    Failure   Level
 Dazzling Flash           Conj/Hex       0%         N/A       77%         3
 Volatile Blastmotes      Fire/Tloc      0%         2d10      77%         3
 Iskenderun's Mystic Bla  Conj/Tloc      0%         2d3       99%         4
 Starburst                Conj/Fire      0%         6d3       100%        6


Dungeon Overview and Level Annotations

Branches:
Dungeon (9/15) Zot: 26775  Temple (1/1) D:7 Zot: 5934     Orc (0/2) D:9
  Sewer (visited)         Ossuary (visited)          Bailey (visited)
   Lair: D:8-11

Altars:
Ashenzari
Cheibriados
Dithmenos
Elyvilon
Fedhas
Gozag
Hepliaklqana
Kikubaaqudgha
Makhleb
Nemelex Xobeh
Okawaru
Sif Muna
Trog
Uskayaw
Vehumet
Xom
Zin
The Shining One

Annotations:
D:5 3 exclusions
D:7 exclusion: 2 downstairs


Innate Abilities, Weirdness & Mutations

You are completely covered in rugged brown scales. (AC +3, +7% HP)
Armour fits poorly on your strangely shaped body.
You have a long armoured tail.
You roll when moving toward enemies. (Rampage)
Your long tongue fully drains potion bottles. (2x potion effects)
Your tongue gives you trouble enunciating. (1.5x scroll delay)


Message History

The troll claws you but does no damage. The troll claws you!
* * * LOW HITPOINT WARNING * * *
Unknown command.
Unknown command.
Unknown command.
Aiming: Charm
Press: ? - help, Shift-Dir - straight line, f/p - troll
Aim: a troll (moderately wounded, haloed, chance to affect: 49%)
The troll resists with some effort.
The troll barely misses you. The troll claws you but does no damage.
The troll barely misses you.
Aiming: Charm
Press: ? - help, Shift-Dir - straight line, f/p - troll
Aim: a troll (moderately wounded, haloed, chance to affect: 49%)
The troll resists with some effort.
The troll bites you.
* * * LOW HITPOINT WARNING * * *
The troll claws you but does no damage. The troll claws you.
* * * LOW HITPOINT WARNING * * *
Aiming: Charm
Press: ? - help, Shift-Dir - straight line, f/p - troll
Aim: a troll (moderately wounded, haloed, chance to affect: 49%)
The troll resists with some effort.
The troll bites you but does no damage. The troll claws you but does no damage.
The troll barely misses you.
Aiming: Charm
Press: ? - help, Shift-Dir - straight line, f/p - troll
Aim: a troll (moderately wounded, haloed, chance to affect: 49%)
The troll resists with some effort.
The troll bites you but does no damage. The troll claws you but does no damage.
The troll claws you.
* * * LOW HITPOINT WARNING * * *
Okay, then.
Unknown command.
Aiming: Charm
Press: ? - help, Shift-Dir - straight line, f/p - troll
Aim: a troll (moderately wounded, haloed, chance to affect: 49%)
The troll resists with some effort.
The troll bites you but does no damage. The troll claws you but does no damage.
The troll closely misses you.
Aiming: Charm
Press: ? - help, Shift-Dir - straight line, f/p - troll
Aim: a troll (moderately wounded, haloed, chance to affect: 49%)
The troll resists with some effort.
The troll bites you!
You die...

#.# #..######.## #.#
###.#### ##.# #..#
##...## #.# #.......
...###..# ##.#.#.###.#
#.######
........###>##.##.##.#
#)#
####.#...............#
#)#
#.##.##.###.....###
#.# #.##.##.#######.#
#.# #.##.###.## ##..#
###.### #.##.#
##.###@#.# #.....#
#....#
##..T##.#####.....#
######
######...........#
#######.....# #.....#
#######


You could see a troll.

Vanquished Creatures
  Joseph (D:7)
  A hornet (D:8)
  Sigmund (D:5)
  A wyvern (D:8)
  A water moccasin (D:7)
  6 orc warriors
  A sky beast (D:7)
  A black bear (D:6)
  2 ice beasts
  3 ogres
  6 kobold brigands
  3 phantoms
  2 bullfrogs (D:6)
  A gnoll sergeant (D:8)
  8 scorpions
  12 wights
  3 howler monkeys (D:8)
  2 centaur zombies (Ossuary)
  A jelly (D:6)
  6 orc priests
  2 hounds
  A human zombie (Ossuary)
  2 gnoll boudas
  An iguana (D:6)
  9 scorpion zombies
  A sleepcap (D:7)
  2 orc wizards
  3 mummies (Ossuary)
  10 adders
  10 gnolls
  2 river rats
  A white imp (D:7)
  3 ufetubi (D:6)
  2 dart slugs
  4 worms
  17 orcs
  6 endoplasms
  6 giant cockroaches
  2 gnoll zombies (Ossuary)
  4 goblins
  11 hobgoblins
  6 jackals
  6 quokkas
  6 ball pythons
  3 bats
  7 frilled lizards
  4 hobgoblin zombies (Ossuary)
  16 kobolds
  A kobold zombie (Ossuary)
  4 orc zombies (Ossuary)
  12 rats
226 creatures vanquished.

Vanquished Creatures (others)
  9 plants (Sewer)
9 creatures vanquished.

Grand Total: 235 creatures vanquished

Notes
Turn   | Place    | Note
-------+----------+-------------------------------------------
     0 | D:1      | Twinkles the Armataur Monk began the quest for the Orb.
     0 | D:1      | Reached XP level 1. HP: 19/19 MP: 1/1
   859 | D:2      | Reached XP level 2. HP: 26/26 MP: 2/2
   866 | D:2      | Noticed a scorpion
   873 | D:2      | HP: 7/26 [poisoned by a scorpion]
   878 | D:1      | HP: 3/26 [poisoned by a scorpion]
  1014 | D:2      | Reached skill level 3 in Unarmed Combat
  1015 | D:2      | HP: 8/27 [poisoned by an adder]
  1336 | D:2      | Reached XP level 3. HP: 33/33 MP: 3/3
  1759 | D:3      | Reached skill level 1 in Armour
  1779 | D:3      | Reached XP level 4. HP: 35/40 MP: 4/4
  1801 | D:3      | Found a glowing drain.
  1942 | Sewer    | Entered a sewer
  1997 | Sewer    | Noticed a kobold brigand
  2006 | Sewer    | Killed a kobold brigand
  2007 | Sewer    | Reached XP level 5. HP: 46/49 MP: 5/5
  2202 | Sewer    | Reached skill level 4 in Unarmed Combat
  2257 | Sewer    | Reached XP level 6. HP: 41/55 MP: 6/6
  3256 | D:3      | Noticed an ice beast
  3328 | D:2      | Reached XP level 7. HP: 61/64 MP: 7/7
  3545 | D:3      | You fall into a shaft and drop 2 floors!
  3545 | D:5      | Entered Level 5 of the Dungeon
  3573 | D:5      | Reached skill level 5 in Unarmed Combat
  3747 | D:5      | Found a sand-covered staircase.
  3760 | Ossuary  | Entered an ossuary
  3986 | Ossuary  | Reached skill level 5 in Fighting
  4040 | Ossuary  | Reached skill level 5 in Armour
  4157 | Ossuary  | Reached skill level 6 in Unarmed Combat
  4177 | Ossuary  | Reached XP level 8. HP: 71/72 MP: 8/8
  4807 | D:5      | Noticed Sigmund
  4809 | D:5      | Killed Sigmund
  4810 | D:5      | Reached skill level 7 in Unarmed Combat
  5774 | D:6      | Found a shadowy altar of Dithmenos.
  5782 | D:6      | Reached XP level 9. HP: 79/80 MP: 9/9
  5846 | D:6      | Reached skill level 8 in Unarmed Combat
  5922 | D:6      | Identified the +2 ring mail "Weanuhix" {Str+2 Int+4}
  6268 | D:7      | Noticed Joseph
  6275 | D:7      | Killed Joseph
  6287 | D:7      | Found a staircase to the Ecumenical Temple.
  6296 | Temple   | Entered the Ecumenical Temple
  6338 | Temple   | Became a worshipper of Elyvilon the Healer
  6338 | Temple   | Reached * piety under Elyvilon
  6338 | Temple   | Reached ** piety under Elyvilon
  6384 | D:7      | Found a flagged portal.
  6393 | Bailey   | Entered a bailey
  6427 | Bailey   | Noticed an orc warlord
  6433 | Bailey   | Acquired a +0 barding of flying
  6836 | Bailey   | Reached skill level 9 in Unarmed Combat
  6897 | Bailey   | Found a runed translucent gate.
  6897 | Bailey   | Found a runed translucent gate.
  6897 | Bailey   | Found a runed translucent gate.
  7226 | D:7      | Acquired a manual of Unarmed Combat
  7302 | D:7      | Found an ancient bone altar of Kikubaaqudgha.
  7825 | D:7      | Reached XP level 10. HP: 77/92 MP: 10/10
  7985 | D:7      | Found a burning altar of Makhleb.
  8023 | D:8      | Noticed a two-headed ogre
  8080 | D:8      | Reached *** piety under Elyvilon
  8090 | D:8      | Reached skill level 10 in Unarmed Combat
  8575 | D:8      | Paralysed by a hornet for 2 turns
  9123 | D:9      | Found a staircase to the Orcish Mines.
  9138 | D:9      | Reached skill level 11 in Unarmed Combat
  9316 | D:8      | HP: 24/94 [troll (5)]
  9320 | D:8      | HP: 10/94 [troll (4)]
  9324 | D:8      | Slain by a troll

Illustrated notes

Levels and vault maps discovered:
D:1:      minmay_arrival_glassed_features, layout_basic, moated_statue
D:2:      layout_basic
D:3:      layout_basic, gup_sewer_entry_bubbles
D:4:      layout_loops_ring, serial_undead, serial_undead_e, serial_undead_e,
          serial_undead_c, serial_undead_e, hangedman_abyss_or_decor_stagger
D:5:      layout_basic, enter_ossuary_1, kennysheep_big_empty_room, uniq_sigmund
D:6:      minmay_diamond_boxcup, layout_rooms, grunt_dithmenos_shadows
D:7:      cheibrodos_quashed, layout_basic, mainiacjoe_overflow_boulevard,
          nicolae_overflow_hidden_temple, minmay_temple_entry_stoned_glass,
          enter_bailey_2, uniq_joseph
D:8:      layout_loops_ring
D:9:      layout_irregular_city, mainiacjoe_overflow_alcove_4,
          mainiacjoe_overflow_alcove_2, mainiacjoe_overflow_brackets,
          kennysheep_orc_monster_closet_entryway
Temple:   nicolae_temple_bog_church

Skill      XL: |  1  2  3  4  5  6  7  8  9 10 |
---------------+-------------------------------+-----
Fighting       | 3 4 5 6 7 |  7.8
Unarmed Combat | 3 4 6 7 9 11 | 11.1
Armour         | 1 2 3 4 5 6 8 9 |  9.2
Dodging        | |  2.5

Action                     |  1- 3 |  4- 6 |  7- 9 | 10-12 || total
---------------------------+-------+-------+-------+-------++-------
  Melee: Unarmed           |    81 |   112 |   289 |    77 ||   559
         Tailslap          |    16 |    17 |    69 |    13 ||   115
 Invoke: Heal Self         |       |       |       |     1 ||     1
  Evoke: Wand              |       |       |       |     8 ||     8
    Use: Potion            |       |     1 |     1 |     1 ||     3
         Scroll            |       |       |    13 |     1 ||    14
 Armour: Leather armour    |     5 |       |       |       ||     5
         Ring mail         |    16 |    26 |    56 |    40 ||   138
         Skin              |       |     4 |       |       ||     4
         Scale mail        |       |       |    14 |       ||    14
  Dodge: Dodged            |    23 |    29 |    88 |    25 ||   165

Table legend: (Time is in decaauts)
 A = Elapsed time spent in this place.
 B = Non-inter-level travel time spent in this place.
 C = Inter-level travel time spent in this place.
 D = Time resting spent in this place.
 E = Time spent auto-exploring this place.
 F = Levels seen in this place.
 G = Mean time per level.
                   A        B        C        D        E       F      G
               +--------+--------+--------+--------+--------+-----+--------+
         Total |   9277 |   8638 |    639 |   1069 |   5012 |  13 |  713.6 |
       Dungeon |   6787 |   6210 |    577 |    650 |   4170 |   9 |  754.1 |
        Temple |     65 |      3 |     62 |      0 |      0 |   1 |   65.0 |
         Sewer |    899 |    899 |      0 |     71 |    560 |   1 |  899.0 |
       Ossuary |    707 |    707 |      0 |    103 |    252 |   1 |  707.0 |
        Bailey |    818 |    818 |      0 |    245 |     30 |   1 |  818.0 |
               +--------+--------+--------+--------+--------+-----+--------+

Top non-repeatable levels by time:
     D:8: 1129 daAuts
     D:7: 1010 daAuts
     D:1: 1007 daAuts
     D:3: 981 daAuts
     D:6: 933 daAuts
   Sewer: 899 daAuts
  Bailey: 818 daAuts
     D:5: 800 daAuts
 Ossuary: 707 daAuts
     D:2: 685 daAuts
     D:4: 172 daAuts
  Temple: 65 daAuts
     D:9: 65 daAuts
